 Dungeon Crawl Stone Soup version 0.30.0-29-ga12c61a403 (webtiles) character file.

Game seed: 6228129178112797278

1552 Riddle the Thaumaturge (level 9, 0/57 HPs)
             Began as a Djinni Necromancer on June 5, 2023.
             Was a Follower of Makhleb.
             Slain by a black bear (5 damage)
             ... on level 6 of the Dungeon.
             The game lasted 00:10:28 (5329 turns).

Riddle the Thaumaturge (Djinni Necromancer)         Turns: 5329, Time: 00:10:29

Health: 0/57       AC:  3    Str:  7    XL:     9   Next: 12%
Gold:   394        EV: 12    Int: 36    God:    Makhleb [*.....] SH:  0 Dex: 13

rFire   + + .        I - +3 quarterstaff
rCold   x . .        (shield currently unavailable)
rNeg    . . .        D - +0 robe of Failure {Int+2}
rPois   ∞            t - +0 helmet
rElec   .            s - scarf {repulsion}
rCorr   .            (no gloves)
SInv    .            (boots unavailable)
Will    .....        (no amulet)
Stlth   ++           B - +6 ring of intelligence
HPRegen 0.29/turn    E - +6 ring of intelligence
MPRegen 0.00/turn

%: repel missiles, infuse magic (-1 HP)
@: flying
A: sickness immunity, fire resistance 2, cold vulnerability 1, float, innate
caster, HP casting, extra vitality 1
a: Renounce Religion


You were on level 6 of the Dungeon.
You worshipped Makhleb.
Makhleb was aware of your devotion.
You visited 2 branches of the dungeon, and saw 7 of its levels.

You collected 394 gold pieces.

Inventory:

Hand Weapons
 I - a +3 quarterstaff (weapon)
Missiles
 C - a throwing net
Armour
 s - a scarf of repulsion (worn)
 t - a +0 helmet (worn)
 D - the +0 robe of Failure (worn) {Int+2}
   (You found it on level 4 of the Dungeon)

   Int:       It affects your intelligence (+2).
Jewellery
 B - a +6 ring of intelligence (left hand)
 E - a +6 ring of intelligence (right hand)
Wands
 n - a wand of polymorph (4)
 z - a wand of mindburst (18)
 F - a wand of roots (6)
 G - a wand of charming (10)
 H - a wand of light (11)
Scrolls
 d - 4 scrolls of torment {unknown}
 e - 3 scrolls of enchant armour {unknown}
 i - 3 scrolls of amnesia {unknown}
 m - 2 scrolls of poison {unknown}
 o - 3 scrolls of teleportation {unknown}
 q - a scroll of magic mapping {unknown}
 u - a scroll of vulnerability {unknown}
 v - 3 scrolls of fog {unknown}
 w - a scroll of immolation {unknown}
 x - 2 scrolls of enchant weapon {unknown}
 y - a scroll of noise {unknown}
 A - 2 scrolls of identify {unknown}
Potions
 a - 4 potions of heal wounds {unknown}
 b - 3 potions of might {unknown}
 c - a potion of flight {unknown}
 f - 3 potions of cancellation {unknown}
 g - 2 potions of berserk rage {unknown}
 h - 3 potions of degeneration {unknown}
 j - 2 potions of lignification {unknown}
 k - a potion of haste
 l - a potion of brilliance {unknown}
 p - a potion of curing {unknown}
 r - 2 potions of magic {unknown}


   Skills:
 + Level 1.0 Fighting
 + Level 2.5 Dodging
 + Level 2.5 Stealth
 + Level 8.7 Spellcasting


You knew the following spells:

 Your Spells              Type           Power      Damage    Failure   Level
a - Necrotise             Necr           100%       1d9       1%          1
b - Vampiric Draining     Necr           68%        2d10      1%          3
c - Animate Dead          Necr           68%        N/A       1%          4
d - Agony                 Necr           68%        N/A       1%          5
e - Sandblast             Erth           100%       2d20      1%          1
f - Wereblood             Tmut           68%        N/A       1%          2
g - Scorch                Fire           100%       2d9       1%          2
h - Frozen Ramparts       Ice            100%       1d16      1%          3
Your spell library was empty.

Dungeon Overview and Level Annotations

Branches:
Dungeon (6/15)             Temple (1/1) D:4

Altars:
Ashenzari
Cheibriados
Dithmenos
Elyvilon
Fedhas
Gozag
Hepliaklqana
Makhleb
Nemelex Xobeh
Okawaru
Qazlal
Ru
Trog
Uskayaw
Wu Jian
Xom
Yredelemnul
Zin
The Shining One

Shops:
D:1 :   D:2 [


Innate Abilities, Weirdness & Mutations

You are immune to sickness and miasma.
You are immune to poison.
Your flesh is very heat resistant. (rF++)
You are vulnerable to cold. (rC-)
You float through the air rather than walking.
You learn spells naturally, not from books.
Your magical power is your life essence.
You have superior vitality. (+4 MHP)


Message History

You draw life force from the ice beast!
You feel life coursing into your body.
* * * LOW HITPOINT WARNING * * *
The ice beast closely misses you.
Unknown command.
Unknown command.
Unknown command.
Casting: Vampiric Draining (safe; 1% risk of failure)
Confirm with . or Enter, or press ? or * to list all spells.
Aiming: Vampiric Draining (safe; 1% risk of failure)
Press: ? - help, Shift-Dir - straight line, f/p - ice beast
Aim: an ice beast (almost dead)
You draw life force from the ice beast!
You kill the ice beast!
Makhleb accepts your kill.
You can now gain health from killing.
You feel life coursing into your body.
* * * LOW HITPOINT WARNING * * *
Unknown command.
Casting: Vampiric Draining (safe; 1% risk of failure)
Confirm with . or Enter, or press ? or * to list all spells.
Aiming: Vampiric Draining (safe; 1% risk of failure)
Press: ? - help, Shift-Dir - straight line, f - black bear
Aim: a black bear You draw life force from the black bear.
You feel life coursing into your body.
* * * LOW HITPOINT WARNING * * *
The black bear misses you. The black bear claws you.
* * * LOW HITPOINT WARNING * * *
The black bear claws you but does no damage.
Unknown command.
Unknown command.
Casting: Vampiric Draining (safe; 1% risk of failure)
Confirm with . or Enter, or press ? or * to list all spells.
Aiming: Vampiric Draining (safe; 1% risk of failure)
Press: ? - help, Shift-Dir - straight line, f/p - black bear
Aim: a black bear (lightly wounded)
You draw life force from the black bear.
You feel life coursing into your body.
* * * LOW HITPOINT WARNING * * *
The black bear bites you.
You die...

..#...............###...
##....####...............
##...............)........
##.....#...#...............
#.... ######.#............
#..... ###...#......#.#...
#..Y.h###.###....<...###...
.......#.h.#...#......#....
#...#@..#.............
#.)###.###............
...... ###..............
..##...## ###....###.....
#.... #..#.###....<. #.#..
....##.........#
........... #..##....#
.##...#..... .##....##
#..... .##.... #


You could see a black bear.

Vanquished Creatures
  The ghost of Elsvaer the Jinx, a novice DECj (D:6)
  The ghost of hitsuchi the Firebug, a novice OpFE of Gozag (D:5)
  A sky beast (D:6)
  A black bear (D:6)
  An ice beast (D:6)
  2 ogres
  A centaur (D:5)
  A kobold brigand (D:5)
  A scorpion (D:5)
  2 jellies
  2 hounds (D:4)
  Ijyb (D:4)
  A sleepcap (D:4)
  Robin (D:3)
  6 adders
  4 gnolls (D:2)
  2 shadow imps
  A white imp (D:5)
  An ufetubus (D:6)
  2 worms
  A dart slug (D:4)
  2 orcs
  5 bats
  5 endoplasms
  4 giant cockroaches
  7 goblins
  9 hobgoblins
  8 jackals
  16 kobolds
  6 quokkas
  7 ball pythons
  3 frilled lizards
  6 rats
112 creatures vanquished.

Notes
Turn   | Place    | Note
-------+----------+-------------------------------------------
     0 | D:1      | Riddle the Djinni Necromancer began the quest for the Orb.
     0 | D:1      | Riddle set off with the following spells memorised:
                  | Necrotise, Vampiric Draining, Animate Dead, Agony.
     0 | D:1      | Reached XP level 1. HP: 15/15 MP: 0/0
     4 | D:1      | Noticed an anaconda
    18 | D:1      | Noticed an elephant
    65 | D:1      | Found Nyjer's Vocational Training.
   275 | D:1      | Reached XP level 2. HP: 18/21 MP: 0/0
  1028 | D:2      | Reached skill level 4 in Spellcasting
  1028 | D:2      | Reached XP level 3. HP: 11/25 MP: 0/0
  1028 | D:2      | Learned a level 1 spell: Sandblast
  1179 | D:2      | Found Werchott's Armour Boutique.
  1217 | D:2      | Reached XP level 4. HP: 25/31 MP: 0/0
  1457 | D:2      | Found a faded altar of an unknown god.
  1616 | D:2      | Reached XP level 5. HP: 33/35 MP: 0/0
  1616 | D:2      | Learned a level 2 spell: Wereblood
  1859 | D:3      | Noticed Robin
  1866 | D:3      | Killed Robin
  1944 | D:3      | Noticed an ogre
  1954 | D:3      | Killed an ogre
  1955 | D:3      | Reached skill level 5 in Spellcasting
  1955 | D:3      | Reached XP level 6. HP: 27/40 MP: 0/0
  3004 | D:4      | Noticed Ijyb
  3014 | D:4      | Killed Ijyb
  3262 | D:4      | Found a staircase to the Ecumenical Temple.
  3400 | D:4      | Reached skill level 6 in Spellcasting
  3400 | D:4      | Reached XP level 7. HP: 45/45 MP: 0/0
  3400 | D:4      | Learned a level 2 spell: Scorch
  3442 | Temple   | Entered the Ecumenical Temple
  3887 | Temple   | Became a worshipper of Makhleb the Destroyer
  4276 | D:4      | Identified the +0 robe of Failure {Int+2}
  4417 | D:5      | Entered Level 5 of the Dungeon
  4806 | D:5      | Found a broken altar of Ashenzari.
  4923 | D:5      | Found a runed translucent gate.
  4923 | D:5      | Found a runed translucent gate.
  4923 | D:5      | Noticed hitsuchi's ghost (novice OpFE)
  4924 | D:5      | Found a runed translucent gate.
  5047 | D:5      | Killed hitsuchi's ghost
  5048 | D:5      | Reached skill level 7 in Spellcasting
  5048 | D:5      | Reached XP level 8. HP: 48/51 MP: 0/0
  5178 | D:6      | Found a runed translucent door.
  5179 | D:6      | Noticed Elsvaer's ghost (novice DECj)
  5190 | D:6      | Killed Elsvaer's ghost
  5191 | D:6      | Reached skill level 8 in Spellcasting
  5204 | D:6      | Reached skill level 1 in Fighting
  5325 | D:6      | Reached XP level 9. HP: 25/57 MP: 0/0
  5325 | D:6      | Learned a level 3 spell: Frozen Ramparts
  5327 | D:6      | Reached * piety under Makhleb
  5329 | D:6      | Slain by a black bear

Illustrated notes

Levels and vault maps discovered:
D:1:      sevenhm_arrival_forest_fort_small_2, layout_basic,
          minmay_misc_feat_secret_circle, nicolae_shop_vocational
D:2:      layout_loops_ring, serial_shops, shop_fountains,
          hellmonk_ecumenical_altar_lost_god
D:3:      layout_loops_ring, minmay_divided_ellipse, uniq_robin
D:4:      nicolae_cairo_tiling, layout_basic, mainiacjoe_overflow_alcove_1,
          uniq_ijyb
D:5:      layout_rooms, ashenzari_conservatory_becter,
          gammafunk_ghost_nasty_kobolds, hangedman_abyss_or_decor_stagger
D:6:      layout_cave_pools, gammafunk_ghost_grave, grunt_decor_clamped,
          minmay_between
Temple:   mainiacjoe_temple_big_plus

Skill      XL: |  1  2  3  4  5  6  7  8 |
---------------+-------------------------+-----
Spellcasting   | 4 5 6 7 8 |  8.7
Stealth        | 2 |  2.5
Fighting       | 1 |  1.0
Dodging        | |  2.5

Action                     |  1- 3 |  4- 6 |  7- 9 || total
---------------------------+-------+-------+-------++-------
  Melee: Unarmed           |       |     1 |       ||     1
   Cast: Necrotise         |    49 |    36 |    25 ||   110
         Sandblast         |     2 |     5 |    11 ||    18
         Vampiric Draining |       |    51 |    25 ||    76
 Armour: Robe              |     2 |     2 |     7 ||    11
         Animal skin       |       |     2 |       ||     2
  Dodge: Dodged            |    13 |    16 |    13 ||    42
